 Dungeon Crawl Stone Soup version 0.28-a0-895-g6e5f11bd55 (webtiles) character file.

Game seed: 15225364956160163564

900 Anon1729 the Chiller (level 7, -4/69 HPs)
             Began as a Demonspawn Ice Elementalist on Nov 22, 2021.
             Was a Follower of Cheibriados.
             Slain by a gnoll sergeant (10 damage)
             ... on level 6 of the Dungeon.
             The game lasted 00:09:49 (5574 turns).

Anon1729 the Chiller (Demonspawn Ice Elementalist)  Turns: 5574, Time: 00:09:49

Health: -4/69      AC: 23    Str:  9 (11) XL:     7   Next: 79%
Magic:  22/22      EV:  2    Int: 18 (21) God:    Cheibriados [*.....]
Gold:   227        SH:  0    Dex: 16 (17) Spells: 3/14 levels left

rFire   . . .      SeeInvis .   f - +2 rapier (freeze)
rCold   . . .      Faith    .   (no shield)
rNeg    . . .      Spirit   .   (armour currently unavailable)
rPois   +          Reflect  .   (helmet currently unavailable)
rElec   .          Harm     .   (cloak currently unavailable)
rCorr   .          Rampage  .   (gloves currently unavailable)
Will    +....      NoTele   +   (boots currently unavailable)
Stlth   +.........              (no amulet)
HPRegen 0.21/turn               b - ring of magical power
MPRegen 0.18/turn               (no ring)

@: confused, tree-form, ambrosia-drunk, attractive, very slow
A: stationary, stasis, torment immunity, boosted hp, icemail 1, powered by death
1, condensation shield, (weakness stinger 1), strong-willed 1, (teleportitis 1)
a: Renounce Religion, Bend Time


You were on level 6 of the Dungeon.
You worshipped Cheibriados.
Cheibriados was aware of your devotion.
You were a tree.
You visited 1 branch of the dungeon, and saw 6 of its levels.

You collected 227 gold pieces.

Inventory:

Hand Weapons
 f - a +2 rapier of freezing (weapon)
Missiles
 h - 5 curare-tipped darts
Armour
 a - a +0 robe
 p - a +2 cloak (melded)
 r - a +0 pair of boots (melded)
 y - a +0 leather armour of poison resistance (melded)
Jewellery
 b - a ring of magical power (left branch)
Wands
 x - a wand of polymorph (6)
Scrolls
 c - 2 scrolls of amnesia {unknown}
 i - a scroll of enchant weapon {unknown}
 m - a scroll of magic mapping {unknown}
 n - 2 scrolls of blinking {unknown}
 o - a scroll of immolation {unknown}
 q - 3 scrolls of enchant armour {unknown}
 s - 4 scrolls of noise
 t - a scroll of torment {unknown}
 u - a scroll of brand weapon {unknown}
 v - 2 scrolls of identify {unknown}
 w - 2 scrolls of teleportation {unknown}
Potions
 d - a potion of ambrosia
 e - a potion of mutation
 g - 2 potions of lignification
 j - a potion of degeneration
 k - a potion of magic {unknown}
 l - a potion of attraction
 z - a potion of resistance {unknown}


   Skills:
 + Level 3.9 Dodging
 + Level 4.2 Stealth
 + Level 4.1 Spellcasting
 + Level 1.4 Conjurations
 * Level 6.1 Ice Magic


You had 3 spell levels left.
You knew the following spells:

 Your Spells              Type           Power      Damage    Failure   Level
a - Freeze                Ice            100%       1d11      1%          1
b - Frozen Ramparts       Ice            50%        1d7       3%          3
c - Ozocubu's Armour      Ice            25%        N/A       3%          3
d - Hailstorm             Conj/Ice       17%        3d6       30%         4

Your spell library contained the following spells:

 Spells                   Type           Power      Damage    Failure   Level
 Mephitic Cloud           Conj/Pois/Air  5%         N/A       34%         3
 Ignite Poison            Fire/Tmut/Pois 3%         N/A       41%         3
 Freezing Cloud           Conj/Ice/Air   6%         6-21      82%         5


Dungeon Overview and Level Annotations

Branches:
Dungeon (6/15)             Temple (0/1) D:4

Altars:
Cheibriados
Hepliaklqana
Kikubaaqudgha
Wu Jian
Zin


Innate Abilities, Weirdness & Mutations

You are a tree.
Your roots penetrate the ground, keeping you stationary.
You cannot be teleported.
You are immune to unholy pain and torment.
Your maximum health is greatly increased.
Your equipment is partially melded.
A meltable icy envelope protects you from harm. (AC +0)
You regenerate a little health from kills.
A meltable shield of frost defends you. (SH +0)
((You have a small tail.))
You are strong-willed. (Will+)
((You are occasionally teleported next to monsters.))


Message History

Something hits you but does no damage. The orc hits you but does no damage.
It was a potion of ambrosia.
You are confused.
You feel invigorated. The gnoll hits you but does no damage.
The gnoll hits you from afar with a +0 spear.
* * * LOW HITPOINT WARNING * * *
The orc hits you but does no damage.
The gnoll sergeant hits you but does no damage.
Something hits you but does no damage. x2; The orc hits you with a +0 hand axe.
* * * LOW HITPOINT WARNING * * *
It was a potion of mutation.
You feel extremely strange.
You feel weirdly uncertain.
You feel strong-willed.
The gnoll hits you from afar with a +0 spear.
* * * LOW HITPOINT WARNING * * *
The orc hits you but does no damage. The gnoll hits you but does no damage.
The gnoll sergeant hits you but does no damage.
The gnoll hits you but does no damage. Something hits you.
* * * LOW HITPOINT WARNING * * *
Something hits you but does no damage. The orc hits you but does no damage.
Okay, then.
It was a potion of degeneration.
There was something very wrong with that liquid.
You feel weakened.
You feel dopey.
You feel clumsy.
The gnoll hits you from afar with a +0 spear.
* * * LOW HITPOINT WARNING * * *
The gnoll hits you but does no damage. The orc hits you but does no damage.
The gnoll hits you but does no damage.
The gnoll sergeant hits you from afar with a +2 trident of flaming.
* * * LOW HITPOINT WARNING * * *
The gnoll sergeant burns you.
* * * LOW HITPOINT WARNING * * *
The gnoll hits you but does no damage.
Something hits you but does no damage. x2
The orc hits you with a +0 hand axe.
* * * LOW HITPOINT WARNING * * *
It was a potion of attraction.
You feel attractive to monsters. The gnoll hits you but does no damage.
The orc hits you but does no damage. The gnoll hits you but does no damage.
The gnoll sergeant hits you from afar with a +2 trident of flaming!
You die...

.>...#...........
.....?..........#
......#<...##..##
.....#....# ###
##....#
....[...###
.....#......
...g.#..g.{##
....##.##.♣o#
.......ggo.##
....#..#ggg# ...
#.... . ..##.##
##. ... # ... ...
...##


You could see a gnoll sergeant, 5 gnolls and 2 orcs.

Vanquished Creatures
  2 ogres (D:4)
  4 phantoms
  2 scorpions (D:5)
  Jessica (D:3)
  A scorpion zombie (D:5)
  Natasha (thrice) (D:3)
  A howler monkey skeleton (D:4)
  8 adders
  2 worms (D:3)
  14 orcs
  4 bats
  10 endoplasms
  5 giant cockroaches
  5 goblins
  8 hobgoblins
  2 jackals (D:1)
  5 kobolds
  3 quokkas
  11 ball pythons
  3 frilled lizards
  3 rats
97 creatures vanquished.

Vanquished Creatures (others)
  2 fungi (D:3)
  8 plants
10 creatures vanquished.

Grand Total: 107 creatures vanquished

Notes
Turn   | Place    | Note
-------+----------+-------------------------------------------
     0 | D:1      | Anon1729 the Demonspawn Ice Elementalist began the quest
                  | for the Orb.
     0 | D:1      | Reached XP level 1. HP: 13/13 MP: 3/3
   505 | D:1      | Gained mutation: A meltable shield of frost defends you.
                  | (SH +0) [demonic ancestry]
   505 | D:1      | Reached XP level 2. HP: 16/19 MP: 0/5
  1976 | D:2      | Gained mutation: A meltable icy envelope protects you from
                  | harm. (AC +0) [demonic ancestry]
  1976 | D:2      | Reached XP level 3. HP: 24/24 MP: 6/6
  1980 | D:2      | Learned a level 3 spell: Frozen Ramparts
  2067 | D:2      | Reached skill level 4 in Ice Magic
  2099 | D:2      | Found a faded altar of an unknown god.
  2475 | D:3      | Noticed Natasha
  2480 | D:3      | Killed Natasha
  2481 | D:3      | Gained mutation: You regenerate a little health from kills.
                  | [demonic ancestry]
  2481 | D:3      | Reached XP level 4. HP: 30/30 MP: 5/7
  2553 | D:3      | Noticed Jessica
  2597 | D:3      | Noticed Natasha
  2599 | D:3      | Killed Jessica
  2646 | D:3      | Killed Natasha
  2663 | D:3      | Noticed Natasha
  2671 | D:3      | Killed Natasha
  2672 | D:3      | Reached XP level 5. HP: 27/35 MP: 8/9
  3087 | D:3      | Learned a level 3 spell: Ozocubu's Armour
  3385 | D:3      | Found a snail-covered altar of Cheibriados.
  3423 | D:3      | Became a worshipper of Cheibriados the Contemplative
  3745 | D:4      | Noticed an ogre
  3758 | D:4      | Killed an ogre
  3759 | D:4      | Reached skill level 5 in Ice Magic
  3759 | D:4      | Reached XP level 6. HP: 41/41 MP: 10/10
  4204 | D:4      | Found a staircase to the Ecumenical Temple.
  4392 | D:4      | Reached * piety under Cheibriados
  4785 | D:5      | Entered Level 5 of the Dungeon
  4789 | D:5      | Gained mutation: You have a small tail. [demonic ancestry]
  4789 | D:5      | Reached XP level 7. HP: 46/46 MP: 12/12
  4843 | D:5      | Learned a level 4 spell: Hailstorm
  4865 | D:5      | Found an ancient bone altar of Kikubaaqudgha.
  5084 | D:5      | Found an ornate altar of the Wu Jian Council.
  5144 | D:5      | Reached skill level 1 in Conjurations
  5305 | D:5      | Reached skill level 6 in Ice Magic
  5387 | D:5      | Found a hazy altar of Hepliaklqana.
  5570 | D:6      | HP: 2/69 [gnoll (4)]
  5572 | D:6      | Gained mutation: You are occasionally teleported next to
                  | monsters. [potion of mutation]
  5572 | D:6      | Gained mutation: You are strong-willed. (Will+) [potion of
                  | mutation]
  5574 | D:6      | Slain by a gnoll sergeant

Illustrated notes

Levels and vault maps discovered:
D:1:      kennysheep_arrival_seaside, layout_loops_corners,
          wander_ebering_terrifying_dragon_lair
D:2:      layout_rooms, chequers_ecumenical_altar_simple
D:3:      layout_loops_ring, cheibrodos_worm_habitat,
          mainiacjoe_overflow_small_starburst, chequers_big_river, uniq_natasha,
          uniq_crazy_yiuf_cottage, uniq_jessica
D:4:      layout_loops_ring, minmay_temple_entry_overgrown
D:5:      layout_gridville, lemuel_round_altar, kiku_gazebo_garden_becter,
          nicolae_wu_jian_wuxing_cycle
D:6:      kennysheep_windowed_halls, layout_cave_pools, amcnicky_altar_gilded,
          nicolae_overflow_crystal_walls, mainiacjoe_overflow_24_doors,
          uniq_edmund

Skill      XL: |  1  2  3  4  5  6  7 |
---------------+----------------------+-----
Stealth        | 2 3 4 |  4.2
Dodging        | 2 3 |  3.9
Ice Magic      | 4 5 6 |  6.1
Spellcasting   | 3 4 |  4.1
Conjurations   | 1 |  1.4

Action                   |  1- 3 |  4- 6 |  7- 9 || total
-------------------------+-------+-------+-------++-------
Melee: Unarmed           |    17 |       |       ||    17
       Rapier            |    39 |    70 |    64 ||   173
       Tailslap          |       |       |     8 ||     8
Throw: Dart              |       |     4 |       ||     4
 Cast: Freeze            |    31 |    56 |     6 ||    93
       Frozen Ramparts   |       |     3 |       ||     3
       Ozocubu's Armour  |       |     2 |     1 ||     3
  Use: Potion            |       |       |     5 ||     5
       Scroll            |       |       |     1 ||     1
 Stab: Sleeping          |     4 |     2 |       ||     6
Armor: Robe              |    16 |    33 |    17 ||    66
       Skin              |       |       |    25 ||    25
       Leather armour    |       |       |    15 ||    15
Dodge: Dodged            |    45 |    54 |    32 ||   131
Block: Other             |     9 |     6 |    14 ||    29

Table legend: (Time is in decaauts)
 A = Elapsed time spent in this place.
 B = Non-inter-level travel time spent in this place.
 C = Inter-level travel time spent in this place.
 D = Time resting spent in this place.
 E = Time spent auto-exploring this place.
 F = Levels seen in this place.
 G = Mean time per level.
                   A        B        C        D        E       F      G
               +--------+--------+--------+--------+--------+-----+--------+
         Total |   6136 |   5825 |    311 |    174 |   4696 |   6 | 1022.7 |
       Dungeon |   6136 |   5825 |    311 |    174 |   4696 |   6 | 1022.7 |
               +--------+--------+--------+--------+--------+-----+--------+

Top non-repeatable levels by time:
     D:1: 1939 daAuts
     D:4: 1316 daAuts
     D:3: 1310 daAuts
     D:5: 997 daAuts
     D:2: 545 daAuts
     D:6: 27 daAuts
